 Dungeon Crawl Stone Soup version 0.28.0 (webtiles) character file.

Game seed: 3216390394470089660

4380 Impy the Archer (level 10, -5/79 HPs)
             Began as a Demonspawn Arcane Marksman on Feb 9, 2022.
             Was a Follower of Ashenzari.
             Shot with an arrow by a centaur warrior (26 damage)
             ... on level 9 of the Dungeon.
             The game lasted 00:31:34 (8589 turns).

Impy the Archer (Demonspawn Arcane Marksman)        Turns: 8589, Time: 00:31:35

Health: -5/79      AC: 10    Str: 10    XL:     10   Next: 13%
Magic:  20/20      EV: 11    Int: 19    God:    Ashenzari [*.....]
Gold:   189        SH:  0    Dex: 14    Spells: 16/23 levels left

rFire   + + .      SeeInvis +   b - +2 short sword (venom)
rCold   . . .      Faith    .   (no shield)
rNeg    . . .      Spirit   .   h - +0 leather armour {rF+}
rPois   +          Reflect  .   g - +0 helmet "Disgust of Ashenzari" {SInv, Range, Fort} (curse)
rElec   .          Harm     .   (no cloak)
rCorr   .          Rampage  .   (gloves unavailable)
Will    .....                   (no boots)
Stlth   +.........              (no amulet)
HPRegen 0.23/turn               d - ring of protection from fire
MPRegen 0.17/turn               k - ring of the Cursed Foul Odours {rPois, Elem, Bglg} (curse)

@: sanguine armoured
A: powered by death 2, augmentation 1, sanguine armour 1, demonic touch 3
a: Renounce Religion, Shatter the Chains


You were on level 9 of the Dungeon.
You worshipped Ashenzari.
Ashenzari was aware of your devotion.
You visited 2 branches of the dungeon, and saw 10 of its levels.

You collected 294 gold pieces.
You spent 105 gold pieces at shops.

Inventory:

Hand Weapons
 a - a +1 vorpal shortbow
 b - a +2 short sword of venom (weapon)
 e - a +2 hunting sling of flaming
Missiles
 c - 124 arrows
Armour
 f - a +0 pair of gloves
 g - the cursed +0 helmet "Disgust of Ashenzari" (worn) {SInv, Range, Fort}
   (You took it off Robin on level 2 of the Dungeon)

   It has a curse which improves the following skills: Ranged Combat: Slings,
   Bows, Crossbows and Throwing.
   Fortitude: Armour and Shields.
 h - a +0 leather armour of fire resistance (worn)
 m - a +0 kite shield
Jewellery
 d - a ring of protection from fire (left hand)
 k - the cursed ring of the Cursed Foul Odours (right hand) {rPois, Elem, Bglg}
   (You took it off a kobold on level 4 of the Dungeon)

   [ring of poison resistance]

   rPois:     It protects you from poison.
   It has a curse which improves the following skills: Elements: Fire Magic, Ice
   Magic, Air Magic and Earth Magic.
   Beguiling: Conjurations, Hexes and Translocations.
Wands
 i - a wand of flame (10)
 o - a wand of iceblast (7)
Scrolls
 n - 2 scrolls of identify
 q - a scroll of silence
 r - 2 scrolls of enchant weapon
Potions
 j - 2 potions of flight
 l - a potion of resistance
 s - a potion of brilliance


   Skills:
 - Level 7.0 Fighting
 + Level 8.4(9.3) Bows
 - Level 1.7 Dodging
 + Level 7.1 Spellcasting
 + Level 2.0(2.7) Conjurations
 - Level 6.3(7.2) Hexes
 - Level 4.5(5.3) Translocations
 - Level 1.0 Evocations


You had 16 spell levels left.
You knew the following spells:

 Your Spells              Type           Power      Damage    Failure   Level
a - Slow                  Hex            100%       N/A       1%          1
b - Portal Projectile     Hex/Tloc       60%        N/A       3%          3
c - Summon Guardian Gole  Hex/Summ       20%        N/A       10%         3

Your spell library contained the following spells:

 Spells                   Type           Power      Damage    Failure   Level
 Cause Fear               Hex            17%        N/A       7%          4
 Inner Flame              Hex/Fire       20%        N/A       9%          3
 Animate Skeleton         Necr           12%        N/A       14%         1
 Pain                     Necr           24%        1d5       14%         1
 Sublimation of Blood     Necr           6%         N/A       21%         2
 Wereblood                Tmut           6%         N/A       21%         2
 Vampiric Draining        Necr           6%         2d6       38%         3
 Iskenderun's Battlesphe  Conj           17%        2d7       77%         5
 Animate Armour           Summ/Erth      12%        N/A       80%         4
 Summon Lightning Spire   Summ/Air       6%         N/A       80%         4
 Fireball                 Conj/Fire      6%         3d5       91%         5
 Conjure Ball Lightning   Conj/Air       6%         3x3d6     100%        6
 Orb of Destruction       Conj           8%         9d6       100%        7
 Summon Hydra             Summ           3%         N/A       100%        7


Dungeon Overview and Level Annotations

Branches:
Dungeon (9/15)             Temple (1/1) D:5
   Lair: D:8-11         Orc: D:9-12

Altars:
Ashenzari
Dithmenos
Elyvilon
Fedhas
Gozag
Nemelex Xobeh
Qazlal
Ru
Trog
Wu Jian
Xom
Yredelemnul
Zin

Shops:
D:1 *=   D:2 [   D:8 ((?*

Annotations:
D:6 2 transporters


Innate Abilities, Weirdness & Mutations

You regenerate health from kills.
Your magical and physical power is slightly enhanced at high health.
When seriously injured, your blood forms armour. (AC +6)
Your touch may irresistibly damage your foes and sap their willpower.


Message History

You kill the orc!
Items here: )))) [[ †.
Items here: )))) [[ †.
Done exploring.
Done exploring.
There is a stone staircase leading down here.
You climb downwards.
Found four items.
Found a stone staircase leading down.
There is a stone staircase leading up here.
A howler monkey comes into view.
A shadow comes into view.
The howler monkey howls!
A centaur comes into view.
The centaur shouts!
You hear a shout!
The howler monkey hits you.
A centaur warrior comes into view.
The centaur wields a +0 shortbow.
The centaur shoots an arrow.
The arrow hits you!
The howler monkey hoots and howls with incredible vigour!
A kobold comes into view. It is wielding a +0 whip.
You hear a shout!
The kobold shouts!
The centaur warrior shouts!
You hear a shout! x2; You hear an angry hiss.
You hear a shout! x3
You hear a bellow!
You hear a shout! x20; You hear a deafening roar!
You hear a shout! x5
The centaur warrior wields a +0 longbow of freezing.
It is covered in frost.
The centaur warrior shoots an arrow.
The arrow barely misses you.
The centaur shoots an arrow.
The arrow hits you!
The centaur warrior shoots an arrow.
The arrow hits you!!
Your blood congeals into armour.
The arrow freezes you!
The centaur shoots an arrow.
The arrow misses you.
The centaur warrior shoots an arrow.
The arrow barely misses you.
A wraith comes into view.
Okay, then.
Okay, then.
The centaur warrior shoots an arrow.
The arrow hits you. The arrow freezes you.
The howler monkey hoots and howls with incredible vigour!
The centaur shoots an arrow.
The arrow hits you.
* * * LOW HITPOINT WARNING * * *
The centaur warrior shoots an arrow.
The arrow hits you!!
You die...

#.. #....#.....
#..####......... ..
≈≈≈≈≈≈Wc#..... ..##
.##..##.......##...
K....c.....##.....#
#.....W.......##
##.....!......?###
#..........>......
#.......h.@.......
....................
........#.........#.
........#.........#
.....#............#
...###.......[.####
... ..#.....#.(#
.#..........#


You could see a centaur warrior, a wraith, a shadow, a centaur and a howler
monkey (catching breath).

Vanquished Creatures
  Sigmund (D:4)
  2 wyverns (D:7)
  A steam dragon (D:6)
  5 yaks (D:8)
  Edmund (D:4)
  4 water moccasins
  2 orc warriors (D:8)
  An ice beast (D:5)
  A black bear (D:5)
  2 necrophages (D:6)
  An ogre (D:5)
  4 centaurs (D:7)
  A kobold brigand (D:7)
  A gnoll sergeant (D:4)
  2 bullfrogs
  2 scorpions
  2 wyvern zombies
  3 wights (D:8)
  2 bullfrog zombies (D:6)
  A centaur zombie (D:8)
  6 hounds
  An orc priest (D:4)
  2 bullfrog skeletons
  A centaur skeleton (D:7)
  2 iguanas
  6 orc wizards
  A hound zombie (D:3)
  Robin (D:2)
  A howler monkey skeleton (D:7)
  9 gnolls (D:4)
  8 adders
  2 white imps
  2 ufetubi
  An adder zombie (D:4)
  An adder skeleton (D:4)
  A worm (D:3)
  5 dart slugs
  22 orcs
  5 bats
  7 endoplasms
  4 giant cockroaches
  12 goblins
  9 hobgoblins
  13 jackals
  2 quokkas
  5 ball pythons
  A ball python zombie (D:3)
  3 frilled lizards
  13 kobolds
  7 rats
192 creatures vanquished.

Notes
Turn   | Place    | Note
-------+----------+-------------------------------------------
     0 | D:1      | Impy the Demonspawn Arcane Marksman began the quest for the
                  | Orb.
     0 | D:1      | Reached XP level 1. HP: 15/15 MP: 2/2
    26 | D:1      | Found Qeingopno's Jewellery Boutique.
    51 | D:1      | Found a faded altar of an unknown god.
   198 | D:1      | Reached skill level 2 in Bows
   202 | D:1      | Gained mutation: When seriously injured, your blood forms
                  | armour. (AC +6) [demonic ancestry]
   202 | D:1      | Reached XP level 2. HP: 10/21 MP: 3/3
   795 | D:1      | Gained mutation: Your touch may inflict minor irresistible
                  | damage on your foes. [demonic ancestry]
   795 | D:1      | Reached XP level 3. HP: 27/27 MP: 4/4
  1156 | D:1      | Found Sabuso's General Store.
  1173 | D:1      | Reached skill level 5 in Fighting
  1173 | D:1      | Reached skill level 5 in Bows
  1173 | D:1      | Gained mutation: You regenerate a little health from kills.
                  | [demonic ancestry]
  1173 | D:1      | Reached XP level 4. HP: 40/40 MP: 4/10
  1178 | D:1      | Learned a level 3 spell: Portal Projectile
  1253 | D:2      | Found Poibelat's Antique Armour Boutique.
  1397 | D:2      | Noticed Robin
  1423 | D:2      | Killed Robin
  1424 | D:2      | Reached XP level 5. HP: 42/43 MP: 12/12
  1437 | D:2      | Found an ornate altar of the Wu Jian Council.
  2009 | D:3      | Found a shimmering altar of Xom.
  2010 | D:3      | Found a shimmering altar of Xom.
  2010 | D:3      | Found a shimmering altar of Xom.
  2012 | D:3      | Found a shimmering altar of Xom.
  2014 | D:3      | Found a shimmering altar of Xom.
  2014 | D:3      | Found a shimmering altar of Xom.
  2016 | D:3      | Found a shimmering altar of Xom.
  2349 | D:3      | Found a basalt altar of Yredelemnul.
  2542 | D:4      | Noticed Edmund
  2562 | D:4      | Killed Edmund
  2563 | D:4      | Gained mutation: Your touch may inflict irresistible damage
                  | on your foes. [demonic ancestry]
  2563 | D:4      | Reached XP level 6. HP: 16/52 MP: 11/13
  2785 | D:4      | Reached skill level 6 in Bows
  2924 | D:4      | Noticed Sigmund
  2942 | D:4      | Killed Sigmund
  2952 | D:4      | Gained mutation: You regenerate health from kills. [demonic
                  | ancestry]
  2952 | D:4      | Reached XP level 7. HP: 49/59 MP: 8/14
  3100 | D:4      | Found a stormy altar of Qazlal.
  3996 | D:5      | Entered Level 5 of the Dungeon
  4066 | D:5      | Reached skill level 1 in Translocations
  4089 | D:5      | Reached skill level 5 in Spellcasting
  4089 | D:5      | Gained mutation: Your magical and physical power is
                  | slightly enhanced at high health. [demonic ancestry]
  4089 | D:5      | Reached XP level 8. HP: 67/67 MP: 13/15
  4101 | D:5      | Found a staircase to the Ecumenical Temple.
  4156 | Temple   | Entered the Ecumenical Temple
  4171 | Temple   | Became a worshipper of Ashenzari the Shackled
  4303 | D:5      | Reached skill level 7 in Bows
  4581 | D:5      | Found a bloodstained altar of Trog.
  4907 | D:6      | Noticed a kobold demonologist
  4909 | D:6      | Noticed a kobold demonologist
  4912 | D:6      | Found a transporter.
  4940 | D:6      | Found a transporter.
  4995 | D:6      | Reached skill level 1 in Evocations
  5045 | D:6      | Found a sparkling altar of Nemelex Xobeh.
  5350 | D:6      | Found a shadowy altar of Dithmenos.
  5740 | D:6      | Reached XP level 9. HP: 42/72 MP: 16/18
  6626 | D:7      | Got the Handbook of Calling
  6962 | D:8      | Found Wearri's Magic Scroll Boutique.
  6969 | D:8      | Bought a scroll of enchant weapon for 105 gold pieces
  6988 | D:8      | Found Arghuschar's Assorted Antiques.
  7000 | D:8      | Reached skill level 8 in Bows
  7362 | D:8      | Found Rudwu's Antique Weapon Emporium.
  7489 | D:8      | Found Ziumucki's Weapon Boutique.
  7869 | D:8      | Reached * piety under Ashenzari
  7874 | D:8      | Learned a level 3 spell: Summon Guardian Golem
  7989 | D:8      | Reached skill level 1 in Conjurations
  7989 | D:8      | Gained mutation: Your touch may irresistibly damage your
                  | foes and sap their willpower. [demonic ancestry]
  7989 | D:8      | Reached XP level 10. HP: 57/79 MP: 8/20
  8584 | D:9      | Noticed a centaur warrior
  8589 | D:9      | Shot with an arrow by a centaur warrior

Illustrated notes

Levels and vault maps discovered:
D:1:      scummos_arrival_simple_fountains, layout_loops_ring, serial_shops,
          shop_statue, shop, ebering_ecumenical_altar_abandoned
D:2:      layout_rooms, serial_glass, glass_columns_a, glass_columns_a,
          basic_altar, serial_shops, shop, uniq_robin
D:3:      layout_loops_cross, nicolae_xom_altar_mimics,
          lemuel_zombie_altar_yredelemnul
D:4:      layout_loops_ring, mainiacjoe_overflow_surrounded_room,
          mainiacjoe_overflow_paths, uniq_sigmund, uniq_edmund
D:5:      layout_loops_ring, trog_three_pillars_becter,
          minmay_temple_entry_waves
D:6:      gammafunk_wand_slinger, layout_loops_ring,
          nemelex_diamond_rough_becter, nicolae_dithmenos_the_darkroom,
          minivault_25, corexii_checkpoint_a
D:7:      layout_loops_ring, amcnicky_mini_pool_small
D:8:      layout_cave_pools, elyvilon_altar_1, serial_shops,
          nicolae_shop_advertising_works [nicolae_subvault_shop_adworks],
          nicolae_shop_competitors_out_of_business,
          nicolae_shop_competitors_out_of_business, shop
D:9:      cheibrodos_ideogram_h, layout_cave_pools, hiddenorc2_lemuel
Temple:   jpeg_temple_clearing

Skill      XL: |  1  2  3  4  5  6  7  8  9 10 |
---------------+-------------------------------+-----
Bows           | 2 5 6 7 8 |  8.4
Fighting       | 2 5 6 7 |  7.0
Spellcasting   | 4 5 6 7 |  7.1
Hexes          | 6 |  6.3
Translocations | 1 3 4 |  4.5
Evocations     | 1 |  1.0
Conjurations   | 1 2 |  2.0
Dodging        | |  1.7

Action                   |  1- 3 |  4- 6 |  7- 9 | 10-12 || total
-------------------------+-------+-------+-------+-------++-------
Melee: Short sword       |    63 |   117 |   255 |    22 ||   457
       Punch             |     1 |       |     3 |     1 ||     5
       Touch             |     4 |    19 |    47 |     9 ||    79
 Fire: Shortbow          |     6 |    15 |   136 |       ||   157
 Cast: Slow              |       |     2 |    11 |       ||    13
       Portal Projectile |       |     2 |     2 |       ||     4
Invok: Curse Item        |       |       |     2 |       ||     2
  Use: Potion            |     2 |       |     4 |       ||     6
       Scroll            |     1 |     4 |     2 |       ||     7
 Stab: Sleeping          |     1 |     4 |     2 |       ||     7
       Distracted        |       |     2 |       |       ||     2
Armor: Robe              |    14 |    21 |       |       ||    35
       Leather armour    |       |     4 |    75 |     8 ||    87
Dodge: Dodged            |    39 |    64 |   161 |    13 ||   277
